AoeStats
← Terric

Black Forest

509427477Analyzed
3v3 RM · 5d ago on Sep 26, 2026· 42m 36s· 6 players
Game mode
Random Map
Map size
Normal (6 player)
Population
200
Speed
Normal
Resources
Standard
Victory
Conquest
Starting age
Dark Age
Ending age
Imperial Age
RankedLock teamsTeams togetherTeam positionsShared explorationLock speedFull tech treeHidden civsTurbo modeCheats
Victory
Defeat
🇲🇽 Danes · Mexico
817
+12
🇲🇽 Persians · Mexico
775
+14
🇲🇽 Chinese · Mexico
671
+19
🇨🇱 Saracens · Chile
781
-17
🇧🇪 Vietnamese · Belgium
725
-15
🇩🇪 Japanese · Germany
693
-13
Nico_24
11:54 Loom
14:02 Feudal Age
14:38 Horse Collar
14:48 Double-Bit Axe
26:54 Castle Age
25:15 Stone Mining
25:35 Gold Mining
28:26 Wheelbarrow
31:13 Heavy Plow
31:52 Stone Shaft Mining
31:31 Bow Saw
31:34 Town Watch
33:10 Hand Cart
34:11 Husbandry
35:13 Elite Skirmisher
36:51 Town Patrol
39:49 Padded Archer Armor
39:40 Fletching
39:51 Scale Mail Armor
40:02 Forging
39:58 Scale Barding Armor
44:12 Imperial Age
42:59 Ballistics
42:30 Heated Shot
43:23 Leather Archer Armor
43:05 Bodkin Arrow
Terric
4:45 Loom
12:24 Feudal Age
12:53 Double-Bit Axe
12:51 Horse Collar
13:08 Gold Mining
17:08 Wheelbarrow
16:21 Man-at-Arms
17:30 Forging
18:15 Scale Mail Armor
20:28 Arson
23:58 Castle Age
23:05 Stone Mining
24:59 Bow Saw
24:52 Heavy Plow
25:54 Gold Shaft Mining
26:21 Town Watch
29:46 Chain Mail Armor
29:22 Fletching
32:09 Fervor
33:19 Long Swordsman
33:44 Gambesons
33:20 Pikeman
34:00 Squires
36:36 Imperial Age
34:58 Yasama
34:22 Long Swordsman
34:48 Gambesons
35:03 Squires
34:23 Pikeman
PilotExpert9105
0:49 Loom
13:41 Feudal Age
14:09 Double-Bit Axe
17:07 Fletching
17:56 Padded Archer Armor
20:36 Padded Archer Armor
29:08 Castle Age
29:12 Crossbowman
30:04 Thumb Ring
miguelremis8
0:26 Loom
12:33 Feudal Age
12:36 Man-at-Arms
13:20 Double-Bit Axe
14:25 Arson
17:06 Wheelbarrow
22:27 Horse Collar
25:19 Castle Age
25:31 Gold Mining
26:31 Bow Saw
27:08 Light Cavalry
29:43 Hand Cart
35:50 Imperial Age
34:25 Heavy Plow
34:40 Husbandry
34:54 Bloodlines
35:44 Elite Skirmisher
35:48 Cavalier
36:55 Scale Barding Armor
38:12 Chain Barding Armor
42:10 Plate Barding Armor
41:47 Forging
42:17 Savar
42:19 Hussar
trujic93
0:40 Loom
10:48 Feudal Age
11:11 Horse Collar
17:58 Scale Mail Armor
18:09 Forging
17:24 Man-at-Arms
22:43 Castle Age
20:57 Arson
22:53 Long Swordsman
24:02 Elite Skirmisher
28:13 Fletching
28:24 Padded Archer Armor
28:23 Double-Bit Axe
30:00 Leather Archer Armor
29:51 Heavy Plow
33:57 Squires
37:40 Imperial Age
36:52 Wheelbarrow
37:45 Bow Saw
38:23 Elite Varangian Guard
40:20 Hand Cart
39:54 Town Watch
41:20 Gold Mining
41:21 Stone Mining
42:11 Onager
Danielovs9
0:26 Loom
14:21 Feudal Age
16:21 Double-Bit Axe
16:27 Horse Collar
16:39 Gold Mining
21:45 Castle Age
19:52 Man-at-Arms
23:40 Bow Saw
24:22 Bloodlines
24:53 Gold Shaft Mining
25:08 Heavy Plow
28:48 Wheelbarrow
31:54 Imperial Age
30:17 Forging
30:08 Scale Mail Armor
31:06 Scale Barding Armor
33:03 Conscription
33:20 Stone Mining
38:29 Heavy Rocket Cart
41:00 Chemistry
40:49 Iron Casting
40:29 Chain Mail Armor
40:35 Chain Barding Armor
40:34 Hand Cart
41:01 Cavalier
41:42 Husbandry
43:12 Stone Shaft Mining
Connection lost

Rejoining the realm…

Still unreachable

The connection could not be restored.

Session expired

The server has moved on; the page needs a fresh start.